 Dungeon Crawl Stone Soup version 0.17-a0-1830-g81820eb (webtiles) character file.

25 DecibelRebel the Chopper (level 3, -5/31 HPs)
             Began as a Hill Orc Abyssal Knight on Sept 14, 2015.
             Was a Believer of Lugonu.
             Killed from afar by a white imp (6 damage)
             ... with a puff of frost
             ... summoned by Natasha
             ... on level 2 of the Dungeon.
             The game lasted 00:03:46 (687 turns).

DecibelRebel the Chopper (Hill Orc Abyssal Knight)   Turns: 687, Time: 00:03:46

Health: -5/31      AC:  2    Str: 15    XL:     3   Next: 4%
Magic:  5/5        EV: 11    Int: 12    God:    Lugonu [**....]
Gold:   24         SH:  0    Dex: 10    Spells: 0 memorised, 2 levels left

rFire  . . .     SeeInvis .     a - +1 hand axe
rCold  + . .     Clarity  .     b - +0 leather armour
rNeg   . . .     SustAt   .     (no shield)
rPois  .         Gourm    .     (no helmet)
rElec  .         Spirit   .     g - +0 cloak
rCorr  .         Warding  .     (no gloves)
rMut   .         Stasis   .     (no boots)
MR     .....                    (no amulet)
Stlth  +.........               (no ring)
                                (no ring)

@: flying, slowed, very slow, not resistant to hostile enchantments, very
unstealthy
A: cold resistance 1, deformed body, MP-powered wands
a: Depart the Abyss, Bend Space, Renounce Religion


You were on level 2 of the Dungeon.
You worshipped Lugonu.
Lugonu was pleased with you.
You were not hungry.

You visited 1 branch of the dungeon, and saw 2 of its levels.
You visited the Abyss 1 time.

You collected 24 gold pieces.

Inventory:

Hand weapons
 a - a +1 hand axe (weapon)
Armour
 b - a +0 leather armour (worn)
 g - a +0 cloak (worn)
Scrolls
 e - 3 scrolls of teleportation {unknown}
 f - 4 scrolls of identify {unknown}
 i - a scroll of noise {unknown}
Potions
 j - a potion of might {unknown}
Comestibles
 c - a bread ration
 k - 3 chunks of flesh


   Skills:
 - Level 3.6 Fighting
 * Level 4.0 Axes
 - Level 2.1 Armour
 - Level 0.7 Dodging
 + Level 3.2 Invocations


You had 2 spell levels left.
You didn't know any spells.

Dungeon Overview and Level Annotations

Branches:
Dungeon (2/15)

Altars:

Annotations:
D:2 Natasha


Innate Abilities, Weirdness & Mutations

Your flesh is cold resistant.
Armour fits poorly on your strangely shaped body.
You expend magic power (3 MP) to strengthen your wands.


Message History

Natasha casts a spell.
Drink which item? (? for menu, Esc to quit)
It was a potion of mutation.
You feel extremely strange.
Your body twists and deforms.
You feel your magical essence link to your wands.
You feel resistant to cold. Natasha claws you.
* * * LOW HITPOINT WARNING * * *
Natasha barely misses you.
Drink which item? (? for menu, Esc to quit)
It was a potion of flight.
You feel very buoyant.
You fly up into the air.
The white imp gestures at you. The puff of frost hits you! You resist.
* * * LOW HITPOINT WARNING * * *
Natasha closely misses you. The white imp gestures at you.
The puff of frost hits you! You resist.
You die...

.# .# .# #.# #.###
#...# .#######h..###
.......@.5...#
#####........# #
##....<..#
....#######...### #
#......##...#
...###########...####
#......##......##
#####.....#######
.........###.....##


You could see Natasha and a white imp.

Vanquished Creatures
  A giant gecko (D:1)
  2 ball pythons (D:1)
  A bat (D:1)
  2 giant cockroaches
  2 hobgoblins (D:1)
  A quokka (D:2)
  2 giant newts (D:1)
  7 goblins
  2 kobolds (D:1)
  2 rats (D:1)
22 creatures vanquished.

Notes
Turn   | Place    | Note
--------------------------------------------------------------
     0 | Abyss:1  | DecibelRebel the Hill Orc Abyssal Knight began the quest for the Orb.
     0 | Abyss:1  | Reached XP level 1. HP: 19/19 MP: 2/2
     7 | D:1      | Escaped the Abyss
   151 | D:1      | Reached XP level 2. HP: 21/26 MP: 4/4
   507 | D:1      | Acquired Lugonu's second power
   659 | D:2      | Reached skill level 4 in Axes
   659 | D:2      | Reached XP level 3. HP: 25/31 MP: 5/5
   679 | D:2      | Noticed Natasha
   686 | D:2      | Gained mutation: Armour fits poorly on your strangely shaped body. [potion of mutation]
   686 | D:2      | Gained mutation: You expend magic power (3 MP) to strengthen your wands. [potion of mutation]
   686 | D:2      | Gained mutation: Your flesh is cold resistant. [potion of mutation]
   687 | D:2      | HP: 1/31 [white imp/puff of frost[Natasha] (2)]
   687 | D:2      | Killed from afar by a white imp

Vault maps used:
D:1:      lordsloth_arrival_two_stooges
D:2:      serial_undead, serial_undead_d, serial_undead_a, serial_undead_f,
          serial_undead_e, uniq_iyjb, uniq_natasha
Abyss:1:  minivault_1, minivault_25

Action                   || total
-------------------------++-------
Melee: Hand axe          ||    71
  Use: Potion            ||     2
